 Dungeon Crawl Stone Soup version 0.25.0-26-g0c896c7088 (webtiles) character file.

Game seed: 4426990384356901145

158 Ethylacetat the Stinger (level 5, -3/42 HPs)
             Began as a Naga Venom Mage on July 4, 2020.
             Slain by an orc wizard
             ... wielding a +0 dagger
              (6 damage)
             ... on level 3 of the Dungeon.
             The game lasted 00:10:37 (2209 turns).

Ethylacetat the Stinger (Naga Venom Mage)           Turns: 2209, Time: 00:10:38

Health: -3/42      AC:  2    Str: 11    XL:     5   Next: 39%
Magic:  0/9        EV: 10    Int: 16    God:
Gold:   109        SH:  5    Dex: 11    Spells: 8/9 levels left

rFire    . . .     SeeInvis +   h - +0 dagger (holy)
rCold    . . .     Gourm    .   (no shield)
rNeg     . . .     Faith    .   a - +0 robe
rPois    +         Spirit   .   (no helmet)
rElec    .         Reflect  +   (no cloak)
rCorr    .         Harm     .   (no gloves)
MR       .....                  (no barding)
Stlth    ++........             i - amulet of reflection
HPRegen  0.14/turn              (no ring)
MPRegen  0.11/turn              (no ring)

@: brilliant, very slow
A: large, see invisible, deformed body, poison resistance, slowness 2, slow
metabolism 1, spit poison 1, AC +1
a: Spit Poison


You were on level 3 of the Dungeon.
You were hungry.

You visited 1 branch of the dungeon, and saw 3 of its levels.

You collected 109 gold pieces.

Inventory:

Hand Weapons
 g - a +1 antimagic dagger
 h - a +0 dagger of holy wrath (weapon)
Armour
 a - a +0 robe (worn)
Jewellery
 i - an amulet of reflection (around neck)
 k - an uncursed ring of resist corrosion
Scrolls
 b - 2 scrolls of fear {unknown}
 d - a scroll of remove curse {unknown}
 f - a scroll of immolation {unknown}
 l - a scroll of random uselessness {unknown}
Potions
 m - a potion of heal wounds {unknown}
Comestibles
 c - 2 rations
 j - 15 chunks of flesh


   Skills:
 - Level 1.7 Dodging
 - Level 3.3 Stealth
 + Level 2.7 Spellcasting
 * Level 3.0 Transmutations
 * Level 5.8 Poison Magic


You had 8 spell levels left.
You knew the following spells:

 Your Spells              Type           Power        Failure   Level  Hunger
a - Sting                 Tmut/Pois      ###.         3%          1    None

Your spell library contained the following spells:

 Spells                   Type           Power        Failure   Level  Hunger
 Poisonous Vapours        Pois/Air       ###...       9%          2    None
 Ignite Poison            Fire/Tmut/Pois ###.....     17%         3    None
 Olgreb's Toxic Radiance  Pois           ####....     19%         4    None
 Mephitic Cloud           Conj/Pois/Air  ##......     26%         3    None


Dungeon Overview and Level Annotations

Branches:
Dungeon (3/15)

Altars:
Okawaru


Innate Abilities, Weirdness & Mutations

You cannot wear boots.
Your serpentine skin is tough. (AC +1)
You have supernaturally acute eyesight. (SInv)
Armour fits poorly on your strangely shaped body.
Your system is resistant to poisons. (rPois)
You cover ground very slowly.
You have a slow metabolism.
You can spit poison.


Message History

Confirm with . or Enter, or press ? or * to list all spells.
Aiming: Sting (safe; 3% risk of failure)
Press: ? - help, Shift-Dir - straight line, f/p - orc priest
Aim: an orc priest, wearing a cursed +0 chain mail (lightly wounded, poisoned)
The sting misses the orc wizard.
The sting hits the orc priest.
The orc priest looks even sicker.
The orc priest is moderately wounded.
The orc wizard barely misses you. The orc barely misses you.
The orc priest calls down the wrath of Beogh upon you.
Beogh smites you!
* * * LOW HITPOINT WARNING * * *
You hit the orc wizard.
The orc wizard is severely wounded.
You have got your breath back.
The orc wizard hits you with a +0 dagger.
* * * LOW HITPOINT WARNING * * *
It was a potion of brilliance.
You feel clever all of a sudden.
The orc wizard hits you with a +0 dagger.
You die...

.(.. ....######
....))...###
....)..(...
...o..[..#
.......o(## .
#######o)(# ##.#
#########.####....#
.......@o......##
######.oo).)....#
#..##)#####.... #.#
#.# ### ## ##.#
#####..# +..##.##
#.#..# #รท..##


You could see an orc priest (very poisoned), an orc wizard (very poisoned) and
an orc.

Vanquished Creatures
  An orc priest (D:3)
  3 adders
  An ooze (D:1)
  2 worms
  2 dart slugs (D:2)
  A leopard gecko (D:2)
  7 orcs (D:3)
  A ball python (D:2)
  2 giant cockroaches
  7 goblins
  9 hobgoblins
  12 jackals
  12 bats
  6 frilled lizards
  4 kobolds
  6 rats
76 creatures vanquished.

Notes
Turn   | Place    | Note
-------+----------+-------------------------------------------
     0 | D:1      | Ethylacetat the Naga Venom Mage began the quest for the
                  | Orb.
     0 | D:1      | Reached XP level 1. HP: 15/15 MP: 3/3
   225 | D:1      | Reached XP level 2. HP: 18/22 MP: 3/5
   736 | D:1      | Reached XP level 3. HP: 25/28 MP: 0/6
  1204 | D:2      | Reached skill level 5 in Poison Magic
  1312 | D:2      | Reached XP level 4. HP: 36/36 MP: 5/7
  1597 | D:2      | Found an iron altar of Okawaru.
  2125 | D:3      | Reached XP level 5. HP: 27/42 MP: 2/8
  2209 | D:3      | Slain by an orc wizard

Illustrated notes

Levels and vault maps discovered:
D:1:      dpeg_arrival_houses_and_road, layout_basic
D:2:      layout_loops_corners, okawaru_trees_2
D:3:      layout_rooms, led_sif_pool, first_ration, tgw_fedhas

Skill      XL: |  1  2  3  4  5 |
---------------+----------------+-----
Transmutations | 2 3 |  3.0
Poison Magic   | 5 |  5.8
Dodging        | |  1.7
Stealth        | |  3.3
Spellcasting   | |  2.7

Action                   |  1- 3 |  4- 6 || total
-------------------------+-------+-------++-------
Melee: Unarmed           |    21 |       ||    21
       Dagger            |    43 |    47 ||    90
 Cast: Sting             |    24 |    30 ||    54
 Abil: Spit Poison       |    26 |    27 ||    53
  Use: Potion            |       |     1 ||     1
 Stab: Sleeping          |       |     1 ||     1
  Eat: Chunk             |     2 |     4 ||     6
Armor: Robe              |    17 |     8 ||    25
Dodge: Dodged            |    58 |    39 ||    97
Block: Other             |    23 |    22 ||    45
       Reflection        |       |     2 ||     2
